 Dungeon Crawl Stone Soup version 0.25-a0-975-gcae8493d64 (webtiles) character file.

Game seed: 14414673642343321271, levelgen mode: deterministic

3348 Flugslaktarn the Cleaver (level 9, -8/81 HPs)
             Began as a Minotaur Fighter on May 9, 2020.
             Was the Champion of Uskayaw.
             Mangled by a killer bee (11 damage)
             ... on level 8 of the Dungeon.
             The game lasted 00:02:03 (5358 turns).

Flugslaktarn the Cleaver (Minotaur Fighter)         Turns: 5358, Time: 00:02:04

Health: -8/81      AC:  8    Str: 22    XL:     9   Next: 72%
Magic:  11/11      EV: 11    Int:  5    God:    Uskayaw [******]
Gold:   255        SH: 11    Dex: 12    Spells: 8/8 levels left

rFire    . . .     SeeInvis +   a - +0 war axe
rCold    . . .     Gourm    .   c - +0 kite shield
rNeg     . . .     Faith    .   b - +0 scale mail
rPois    .         Spirit   .   (helmet restricted)
rElec    .         Reflect  .   (no cloak)
rCorr    .         Harm     .   (no gloves)
MR       .....                  (no boots)
Stlth    ..........             (no amulet)
HPRegen  0.23/turn              i - ring of see invisible
MPRegen  0.12/turn              v - +3 ring of evasion

@: lethally poisoned (-8 -> -56)
A: retaliatory headbutt, horns 2
a: Stomp, Line Pass, Grand Finale, Renounce Religion


You were on level 8 of the Dungeon.
You worshipped Uskayaw.
Uskayaw was noncommittal.
You were not hungry.

You visited 1 branch of the dungeon, and saw 8 of its levels.

You collected 255 gold pieces.

Inventory:

Hand Weapons
 a - a +0 war axe (weapon)
Armour
 b - a +0 scale mail (worn)
 c - a +0 kite shield (worn)
Jewellery
 i - a ring of see invisible (left hand)
   (You found it on level 7 of the Dungeon)
 v - a +3 ring of evasion (right hand)
   (You found it on level 7 of the Dungeon)
Wands
 u - a wand of paralysis (8)
   (You found it on level 8 of the Dungeon)
Scrolls
 f - a scroll of holy word {unknown}
 g - 2 scrolls of enchant armour {unknown}
 h - 7 scrolls of remove curse {unknown}
 j - a scroll of immolation {unknown}
 l - a scroll of fear {unknown}
 n - 2 scrolls of amnesia {unknown}
 o - a scroll of teleportation {unknown}
 p - 3 scrolls of identify {unknown}
 r - a scroll of blinking {unknown}
Potions
 d - a potion of might
 k - a potion of ambrosia {unknown}
 m - 3 potions of curing {unknown}
 s - a potion of lignification {unknown}
 t - 2 potions of heal wounds {unknown}
Comestibles
 e - 5 rations
 q - 8 chunks of flesh


   Skills:
 + Level 7.9 Fighting
 * Level 10.2 Axes
 + Level 7.9 Armour
 + Level 8.0 Shields
 + Level 4.1 Invocations


You had 8 spell levels left.
You didn't know any spells.
Your spell library was empty.

Dungeon Overview and Level Annotations

Branches:
Dungeon (8/15)             Temple (0/1) D:7
   Lair: D:8-11

Altars:
Ashenzari
Makhleb
Nemelex Xobeh
Sif Muna
Uskayaw

Annotations:
D:6 exclusion: oklob plant


Innate Abilities, Weirdness & Mutations

You reflexively headbutt those who attack you in melee.
You have a pair of horns on your head.


Message History

A killer bee comes into view.
You hear an angry buzzing noise.
You are too injured to fight recklessly!
You are too injured to fight recklessly!
You are too injured to fight recklessly!
You are too injured to fight recklessly!
You are too injured to fight recklessly!
You are too injured to fight recklessly!
You are too injured to fight recklessly!
You are too injured to fight recklessly!
Unknown command.
* * * LOW HITPOINT WARNING * * *
You feel very sick. You block the killer bee's attack.
A killer bee comes into view.
The killer bee stings you!
* * * LOW HITPOINT WARNING * * *
You are more poisoned.
The killer bee poisons you! The killer bee stings you!
You die... .# #...# #.. .### #...####.. ..... #..(#..... ##.###.##...#.##.. yy................

###yy###............
y####..yY#
##.#.#######.
......yyy# #.#.# #.
####..†@## # #.# #.
..# ####.# #.#### #.
#.# #.# #....# #.
#.# #.# ####.# #.
#.#######.# #.# #.
#.##>.....# #.# #.
#.##.###### #.# #.
#.##.# #.####[#####
###÷##.######
#...........


You could see a queen bee, an ice beast and 8 killer bees.

Vanquished Creatures
  2 hippogriffs
  4 yaks (D:8)
  A hungry ghost (D:7)
  A sky beast (D:5)
  A water moccasin (D:8)
  An ice beast (D:5)
  A phantom (D:4)
  5 ogres
  A necrophage (D:7)
  A gnoll sergeant (D:8)
  4 bullfrogs
  A scorpion (D:4)
  6 killer bees (D:8)
  2 crimson imps
  A bullfrog zombie (D:8)
  4 hounds
  A centaur skeleton (D:8)
  2 bullfrog skeletons
  A gnoll shaman (D:7)
  3 jellies
  2 iguanas (D:6)
  An orc wizard (D:6)
  2 worker ants (D:4)
  A killer bee zombie (D:5)
  A hound skeleton (D:6)
  6 adders
  10 gnolls
  A shadow imp (D:5)
  A worm (D:2)
  A leopard gecko (D:7)
  8 orcs
  A ball python (D:4)
  3 bats
  2 giant cockroaches
  4 goblins (D:1)
  4 hobgoblins
  2 jackals (D:6)
  A kobold (D:1)
  2 quokkas
  3 frilled lizards
  2 jackal skeletons
  A leopard gecko skeleton (D:5)
  3 rats
105 creatures vanquished.

Vanquished Creatures (others)
  A hound (D:5)
1 creature vanquished.

Grand Total: 106 creatures vanquished

Notes
Turn   | Place    | Note
-------+----------+-------------------------------------------
     0 | D:1      | Flugslaktarn the Minotaur Fighter began the quest for the
                  | Orb.
     0 | D:1      | Reached XP level 1. HP: 19/19 MP: 0/0
   119 | D:1      | Reached XP level 2. HP: 25/27 MP: 1/1
   288 | D:1      | Reached skill level 3 in Axes
   419 | D:4      | Reached XP level 3. HP: 32/33 MP: 2/2
   530 | D:4      | Noticed a scorpion
   539 | D:4      | Killed a scorpion
   539 | D:4      | Reached skill level 4 in Axes
   539 | D:4      | Reached XP level 4. HP: 40/40 MP: 3/3
   731 | D:4      | Reached XP level 5. HP: 16/47 MP: 4/4
  1184 | D:4      | Noticed a phantom
  1226 | D:4      | Killed a phantom
  1226 | D:4      | Reached skill level 5 in Axes
  1493 | D:5      | Entered Level 5 of the Dungeon
  1647 | D:5      | Found a hide-covered altar of Uskayaw.
  1685 | D:5      | Noticed a sky beast
  1699 | D:5      | Killed a sky beast
  1699 | D:5      | Reached skill level 5 in Fighting
  1699 | D:5      | Reached skill level 5 in Armour
  1699 | D:5      | Reached skill level 5 in Shields
  1699 | D:5      | Reached XP level 6. HP: 31/56 MP: 5/5
  1718 | D:6      | Found a shimmering blue altar of Sif Muna.
  1718 | D:6      | Noticed an oklob plant
  1897 | D:6      | Reached skill level 6 in Axes
  1902 | D:6      | Reached XP level 7. HP: 37/61 MP: 6/6
  2459 | D:5      | Became a worshipper of Uskayaw the Reveler
  2594 | D:5      | Reached * piety under Uskayaw
  2596 | D:5      | Reached skill level 7 in Axes
  2642 | D:5      | Reached ** piety under Uskayaw
  2644 | D:5      | Reached skill level 1 in Invocations
  2755 | D:5      | Found a shattered altar of Ashenzari.
  2756 | D:5      | Found a burning altar of Makhleb.
  3565 | D:6      | Reached XP level 8. HP: 68/70 MP: 7/7
  3731 | D:6      | Found a sparkling altar of Nemelex Xobeh.
  3960 | D:7      | Reached *** piety under Uskayaw
  3965 | D:7      | Reached **** piety under Uskayaw
  3971 | D:7      | Reached ***** piety under Uskayaw
  4115 | D:7      | Noticed a hippogriff
  4126 | D:7      | Killed a hippogriff
  4126 | D:7      | Reached skill level 8 in Axes
  4583 | D:7      | Found a staircase to the Ecumenical Temple.
  4885 | D:8      | Reached XP level 9. HP: 64/79 MP: 10/10
  4970 | D:8      | Reached skill level 9 in Axes
  5341 | D:8      | Reached skill level 10 in Axes
  5343 | D:8      | Noticed a queen bee
  5355 | D:8      | Reached ****** piety under Uskayaw
  5358 | D:8      | HP: 3/81 [killer bee (8)]
  5358 | D:8      | Mangled by a killer bee

Illustrated notes

Levels and vault maps discovered:
D:1:      dpeg_arrival_shelter, layout_loops_ring
D:2:      layout_basic, marbit_many_paths, kiku_gazebo_garden_becter
D:3:      layout_loops_ring, nicolae_overflow_crystal_walls, first_ration,
          kennysheep_generic_room_2, uniq_grinder
D:4:      layout_rooms
D:5:      layout_layer_cave, nicolae_overflow_hidden_temple,
          gammafunk_temple_overflow_pools, lemuel_flamethrower_2
D:6:      layout_loops_ring, lemuel_round_altar,
          hangedman_abyss_or_decor_passed, lemuel_oklob_altar
D:7:      layout_basic, minmay_temple_entry_butterflies
D:8:      layout_loops_ring, david_nohive_1, wad_floor_pattern_untrapped,
          moated_statue, uniq_harold

Skill      XL: |  1  2  3  4  5  6  7  8  9 |
---------------+----------------------------+-----
Axes           | 3 4 5 6 7 8 10 | 10.2
Fighting       | 4 5 6 7 |  7.9
Armour         | 4 5 6 7 |  7.9
Shields        | 4 5 6 7 8 |  8.0
Invocations    | 1 2 4 |  4.1

Action                   |  1- 3 |  4- 6 |  7- 9 || total
-------------------------+-------+-------+-------++-------
Melee: War axe           |    62 |    86 |   185 ||   333
       Headbutt          |    11 |    14 |    35 ||    60
 Stab: Paralysed         |       |       |    12 ||    12
  Eat: Chunk             |       |     3 |     4 ||     7
       Ration            |       |       |     3 ||     3
Armor: Scale mail        |    25 |    38 |    57 ||   120
Dodge: Dodged            |    23 |    25 |    79 ||   127
Block: Kite shield       |    39 |    45 |   130 ||   214

Table legend:
 A = Non-vault XP
 B = Vault XP
 C = Vault XP percentage of total XP
 D = Non-vault monster count
 E = Vault monster count
 F = Vault count percentage of total count
                 A         B        C        D         E       F
            +---------+---------+-------+---------+---------+-------
      Total |    4422 |     362 |   7.6 |      99 |       6 |   5.7
            +---------+---------+-------+---------+---------+-------
        D:1 |      18 |       0 |   0.0 |      13 |       0 |   0.0
        D:2 |       8 |       0 |   0.0 |       3 |       0 |   0.0
        D:3 |       3 |       0 |   0.0 |       2 |       0 |   0.0
        D:4 |     319 |       0 |   0.0 |      15 |       0 |   0.0
        D:5 |     449 |       0 |   0.0 |       8 |       0 |   0.0
        D:6 |     733 |       0 |   0.0 |      20 |       0 |   0.0
        D:7 |     961 |       0 |   0.0 |      15 |       0 |   0.0
        D:8 |    1931 |     362 |  15.8 |      23 |       6 |  20.7
            +---------+---------+-------+---------+---------+-------
